 Dungeon Crawl Stone Soup version 0.25-a0-2-g6559c6c67a (webtiles) character file.

Game seed: 4709910037449188146, levelgen mode: deterministic

51 MrRokkomies the Slasher (level 3, 0/25 HPs)
             Began as a Vampire Gladiator on Oct 14, 2019.
             Killed by nerve-wracking pain
             ... invoked by Jessica
              (14 damage)
             ... on level 2 of the Dungeon.
             The game lasted 00:05:07 (870 turns).

MrRokkomies the Slasher (Vampire Gladiator)          Turns: 870, Time: 00:05:08

Health: 0/25       AC:  4    Str: 14    XL:     3   Next: 58%
Magic:  3/3        EV: 16    Int: 10    God:
Gold:   84         SH:  0    Dex: 17    Spells: 2/2 levels left

rFire    . . .     SeeInvis +   a - +0 long sword
rCold    . . .     Gourm    .   (no shield)
rNeg     . . .     Faith    .   b - +0 leather armour
rPois    .         Spirit   .   c - +0 helmet
rElec    .         Reflect  .   (no cloak)
rCorr    .         Harm     .   (no gloves)
MR       .....                  (no boots)
Stlth    +.........             (no amulet)
HPRegen  0.28/turn              g - +3 ring of evasion
MPRegen  0.08/turn              k - +2 ring of dexterity

@: regenerating quickly
A: no food, fangs 3, see invisible, [frail 1], unbreathing
a: Exsanguinate


You were on level 2 of the Dungeon.
You were alive.

You visited 1 branch of the dungeon, and saw 2 of its levels.

You collected 84 gold pieces.

Inventory:

Hand Weapons
 a - a +0 long sword (weapon)
 j - a +1 dagger of venom
Missiles
 d - 3 throwing nets (quivered)
 e - 50 sling bullets
 l - 20 poisoned darts
Armour
 b - a +0 leather armour (worn)
 c - a +0 helmet (worn)
Jewellery
 g - a +3 ring of evasion (left hand)
 k - a +2 ring of dexterity (right hand)
Scrolls
 i - 2 scrolls of identify
 m - a scroll of remove curse
Potions
 f - a potion of curing
 h - a potion of haste
 o - a potion of lignification {unknown}


   Skills:
 * Level 2.8 Fighting
 * Level 3.9 Long Blades
 - Level 1.5 Throwing
 - Level 3.2 Dodging


You had 2 spell levels left.
You didn't know any spells.
Your spell library was empty.

Dungeon Overview and Level Annotations

Branches:
Dungeon (2/15)

Altars:

Annotations:
D:2 Jessica


Innate Abilities, Weirdness & Mutations

You do not eat.
Your natural rate of healing is unusually fast.
You have razor-sharp teeth.
You have supernaturally acute eyesight. (SInv)
You can survive without breathing.
[You are frail. (-10% HP)]


Message History

Jessica casts a spell at you. Pain shoots through your body!
You are too injured to fight recklessly!
You are too injured to fight recklessly!
You are too injured to fight recklessly!
You are too injured to fight recklessly!
You are too injured to fight recklessly!
You closely miss Jessica.
Jessica is heavily wounded.
Jessica hits you but does no damage.
You barely miss Jessica. You bite Jessica, but do no damage.
Jessica is heavily wounded.
Jessica misses you.
You riposte.
You closely miss Jessica.
Jessica is heavily wounded.
You completely miss Jessica.
Jessica is heavily wounded.
Jessica gestures at you while chanting. Pain shoots through your body!
Ouch! That really hurt!
You die...

#...?# #....#
#....# ....
#....# ...
#....#####
..## .....>..
..# ##..###
#.# #@....##
#.#
#....@.###..##
#.. #.######
##..# ##..
##.##### #...
#..)..###.#.
.# #
####......#.
.# .#
#....#### ###
.# ..# #.##.#
# ..# ##.##..#
#..##.####


You could see Jessica.

Vanquished Creatures
  An ooze (D:1)
  A worm (D:2)
  3 dart slugs (D:1)
  A leopard gecko (D:2)
  2 giant cockroaches
  4 goblins
  7 hobgoblins
  5 kobolds
  4 bats (D:1)
  4 frilled lizards
  3 rats
35 creatures vanquished.

Notes
Turn   | Place    | Note
-------+----------+-------------------------------------------
     0 | D:1      | MrRokkomies the Vampire Gladiator began the quest for the
                  | Orb.
     0 | D:1      | Reached XP level 1. HP: 16/16 MP: 1/1
    54 | D:1      | Reached XP level 2. HP: 15/22 MP: 2/2
   493 | D:1      | Reached XP level 3. HP: 27/28 MP: 3/3
   862 | D:2      | Noticed Jessica
   870 | D:2      | Killed from afar by Jessica

Levels and vault maps discovered:
D:1:      minmay_arrival_stair_chambers, layout_rooms
D:2:      layout_rooms, first_ration, uniq_jessica

Skill      XL: |  1 |
---------------+----+-----
Fighting       | 2 |  2.8
Long Blades    | |  3.9
Throwing       | |  1.5
Dodging        | |  3.2

Action                   || total
-------------------------++-------
Melee: Long sword        ||   102
       Bite              ||     6
 Abil: Exsanguinate      ||     1
       Revivify          ||     1
  Use: Scroll            ||     8
 Stab: Sleeping          ||     1
Armor: Leather armour    ||    24
Dodge: Dodged            ||    93
       Rpst.: Long sword ||    28

Table legend:
 A = Non-vault XP
 B = Vault XP
 C = Vault XP percentage of total XP
 D = Non-vault monster count
 E = Vault monster count
 F = Vault count percentage of total count
                 A         B        C        D         E       F
            +---------+---------+-------+---------+---------+-------
      Total |      74 |       0 |   0.0 |      35 |       0 |   0.0
            +---------+---------+-------+---------+---------+-------
        D:1 |      41 |       0 |   0.0 |      18 |       0 |   0.0
        D:2 |      33 |       0 |   0.0 |      17 |       0 |   0.0
            +---------+---------+-------+---------+---------+-------
